 Dungeon Crawl Stone Soup version 0.21.0-3-g78d12a8 (webtiles) character file.

11903 MDvedh the Severer (level 12, -4/129 HPs)
             Began as a Human Berserker on Jan 8, 2018.
             Was an Elder of Trog.
             Slain by a nine-headed hydra (6 damage)
             ... on level 1 of the Lair of Beasts.
             The game lasted 00:14:50 (11872 turns).

MDvedh the Severer (Human Berserker)               Turns: 11872, Time: 00:14:51

Health: -4/129     AC: 16    Str: 27    XL:     12   Next: 13%
Magic:  12/12      EV: 12    Int:  8    God:    Trog [****..]
Gold:   161        SH:  0    Dex: 13    Spells: 11/11 levels left

rFire    + . .     SeeInvis .   v - +0 war axe
rCold    . . .     Gourm    .   (no shield)
rNeg     . . .     Faith    .   E - +3 chain mail of Ujaextin {rF+}
rPois    +         Spirit   .   m - +0 helmet
rElec    .         Reflect  .   d - +1 cloak
rCorr    .         Harm     .   (no gloves)
MR       .....                  (no boots)
Stlth    ..........             n - amulet of magic regeneration
HPRegen  0.31/turn              b - +1 ring of evasion
MPRegen  0.38/turn              F - ring of poison resistance

@: berserking, starving, very quick
A: no striking features
a: Berserk, Trog's Hand, Brothers in Arms, Burn Spellbooks, Renounce Religion


You were on level 1 of the Lair of Beasts.
You worshipped Trog.
Trog was greatly pleased with you.
You were starving.

You visited 2 branches of the dungeon, and saw 11 of its levels.
You also visited: Bailey.

You collected 651 gold pieces.
You spent 490 gold pieces at shops.

Inventory:

Hand Weapons
 v - a +0 war axe (weapon)
Armour
 d - a +1 cloak (worn)
 m - a +0 helmet (worn)
 E - the +3 chain mail of Ujaextin (worn) {rF+}
   (You bought it in a shop on level 8 of the Dungeon)

   It protects you from fire.
Jewellery
 b - a +1 ring of evasion (left hand)
 n - an amulet of magic regeneration (around neck)
 B - an uncursed ring of positive energy
 F - a ring of poison resistance (right hand)
Wands
 a - a wand of disintegration (5)
 e - a wand of digging (16)
 q - a wand of polymorph (7)
 s - a wand of iceblast (12)
 u - a wand of paralysis (14)
Scrolls
 g - 3 scrolls of blinking
 h - 5 scrolls of teleportation
 x - 2 scrolls of amnesia {unknown}
 y - 2 scrolls of remove curse
 z - a scroll of fog
 A - 4 scrolls of magic mapping {unknown}
 D - a scroll of vulnerability {unknown}
 G - 3 scrolls of identify
Potions
 f - 5 potions of heal wounds
 i - a potion of haste {unknown}
 j - 2 potions of cancellation {unknown}
 k - 4 potions of curing
 l - 4 potions of lignification
 o - a potion of ambrosia {unknown}
 r - 6 potions of flight
 t - a potion of mutation {unknown}
 H - 3 potions of might
 I - a potion of agility {unknown}
Books
 p - a book of Necromancy

   Spells                             Type                      Level
   a - Pain                           Necromancy                   1
   b - Animate Skeleton               Necromancy                   1
   c - Vampiric Draining              Necromancy                   3
   d - Regeneration                   Charms/Necromancy            3
   e - Animate Dead                   Necromancy                   4
   f - Borgnjor's Vile Clutch         Necromancy/Earth             5
   Trog disapproves of the use of such an item.
 C - a book of Frost

   Spells                             Type                      Level
   a - Freeze                         Ice                          1
   b - Throw Frost                    Conjuration/Ice              2
   c - Ozocubu's Armour               Charms/Ice                   3
   d - Throw Icicle                   Conjuration/Ice              4
   e - Summon Ice Beast               Ice/Summoning                4
   Trog disapproves of the use of such an item.
Comestibles
 c - 9 rations


   Skills:
 + Level 5.5 Fighting
 - Level 16.0 Axes
 + Level 5.0 Armour
 + Level 5.0 Dodging


You had 11 spell levels left.
You didn't know any spells.

Dungeon Overview and Level Annotations

Branches:
Dungeon (10/15)            Temple (0/1) D:6            Lair (1/6) D:9
    Orc: D:9-12

Altars:
Ashenzari
Elyvilon
Fedhas
Qazlal
Xom
The Shining One

Shops:
D:8 [![   D:9 }


Message History

The seven-headed hydra bites you but does no damage.
You lop one of the seven-headed hydra's heads off!
The six-headed hydra grows two more!
You slash the eight-headed hydra!
The eight-headed hydra is almost dead.
Unknown command.
You slice one of the eight-headed hydra's heads off!
The seven-headed hydra grows two more!
You hit the nine-headed hydra.
The nine-headed hydra is severely wounded.
The nine-headed hydra bites you but does no damage.
The nine-headed hydra bites you.
* * * LOW HITPOINT WARNING * * *
The nine-headed hydra bites you.
* * * LOW HITPOINT WARNING * * *
The nine-headed hydra misses you.
The nine-headed hydra completely misses you.
The nine-headed hydra bites you.
* * * LOW HITPOINT WARNING * * *
The nine-headed hydra closely misses you.
The nine-headed hydra bites you.
You die...

###### ##### ###.##.###.#.#
####.....##.....## #.
##.####.#.........# #..#
##.####...........## #..
#..P..............##
#..####.................##
#..#....................###
#..........@DF...........P#
##.........................#
###..........................#
##............................#
...............................#
................................
...........................!....
......................F.........
.................. .........F.


You could see a nine-headed hydra and 2 blink frogs.

Vanquished Creatures
  4 two-headed ogres
  3 spiny frogs (Lair:1)
  2 komodo dragons (Lair:1)
  A kobold demonologist (D:9)
  A rime drake (Lair:1)
  3 trolls (D:9)
  Grinder (D:5)
  Prince Ribbit (D:6)
  A hippogriff (D:10)
  3 blink frogs
  11 yaks (D:9)
  Edmund (D:6)
  2 water moccasins
  2 porcupines
  An ice beast (D:9)
  3 sky beasts
  A phantom (D:8)
  A necrophage (D:8)
  2 centaurs
  12 ogres
  3 crocodiles (Lair:1)
  2 big kobolds
  The ghost of komo4ek the Caller, an amateur KoSu of Ru (D:4)
  3 bullfrogs
  3 scorpions
  3 wights (D:9)
  A bullfrog zombie (D:10)
  2 hounds
  A centaur skeleton (D:9)
  A gnoll shaman (D:7)
  A quasit (D:9)
  An orc priest (D:6)
  Crazy Yiuf (D:7)
  2 jellies
  3 orc wizards
  2 bullfrog skeletons
  Ijyb (D:3)
  4 worker ants
  A hound zombie (D:8)
  A hound skeleton (D:5)
  6 gnolls
  5 adders
  5 shadow imps
  An ooze (D:3)
  A worm (D:2)
  4 dart slugs
  3 leopard geckos
  15 orcs
  A ball python (D:6)
  10 giant cockroaches
  3 goblins
  8 hobgoblins
  12 jackals
  11 kobolds
  6 quokkas
  13 bats
  2 frilled lizards (D:1)
  A leopard gecko skeleton (D:4)
  6 rats
206 creatures vanquished.

Vanquished Creatures (others)
  Psyche (D:10)
1 creature vanquished.

Grand Total: 207 creatures vanquished

Notes
Turn   | Place    | Note
-------+----------+-------------------------------------------
     0 | D:1      | MDvedh the Human Berserker began the quest for the Orb.
     0 | D:1      | Reached XP level 1. HP: 18/18 MP: 1/1
   152 | D:1      | Reached XP level 2. HP: 24/24 MP: 2/2
   455 | D:1      | Reached skill level 4 in Axes
   455 | D:1      | Reached XP level 3. HP: 29/29 MP: 3/3
   956 | D:2      | Reached ** piety under Trog
   999 | D:2      | Reached XP level 4. HP: 27/35 MP: 4/4
  1469 | D:2      | Reached skill level 5 in Axes
  1848 | D:3      | Reached XP level 5. HP: 38/41 MP: 5/5
  2203 | D:3      | Noticed Ijyb
  2242 | D:3      | Killed Ijyb
  2293 | D:4      | Reached *** piety under Trog
  2293 | D:4      | Reached skill level 6 in Axes
  2312 | D:4      | Reached XP level 6. HP: 31/47 MP: 6/6
  2343 | D:4      | Noticed komo4ek's ghost (amateur KoSu)
  2366 | D:4      | Killed komo4ek's ghost
  2366 | D:4      | Reached skill level 7 in Axes
  2674 | D:4      | Noticed an ogre
  2682 | D:4      | Killed an ogre
  2682 | D:4      | Reached XP level 7. HP: 52/52 MP: 7/7
  3505 | D:4      | Reached skill level 8 in Axes
  3750 | D:4      | Found a blossoming altar of Fedhas.
  3756 | D:4      | Found a shattered altar of Ashenzari.
  3911 | D:5      | Entered Level 5 of the Dungeon
  4067 | D:5      | Noticed Grinder
  4097 | D:5      | Killed Grinder
  4097 | D:5      | Reached skill level 9 in Axes
  4097 | D:5      | Reached XP level 8. HP: 36/58 MP: 8/8
  4648 | D:6      | Found a staircase to the Ecumenical Temple.
  4648 | D:6      | Noticed Edmund
  4666 | D:6      | Killed Edmund
  4666 | D:6      | Reached skill level 10 in Axes
  4814 | D:6      | Noticed a two-headed ogre
  4828 | D:6      | Killed a two-headed ogre
  4828 | D:6      | Reached skill level 11 in Axes
  4828 | D:6      | Reached XP level 9. HP: 16/63 MP: 9/9
  5194 | D:6      | Noticed Prince Ribbit
  5206 | D:6      | Killed Prince Ribbit
  5206 | D:6      | Reached skill level 12 in Axes
  6200 | D:7      | Reached **** piety under Trog
  6294 | D:7      | Found a flagged portal.
  6397 | Bailey   | Entered a bailey
  6670 | D:7      | Reached XP level 10. HP: 49/70 MP: 10/10
  6938 | D:7      | Found a glowing golden altar of the Shining One.
  6940 | D:7      | Found a shimmering altar of Xom.
  7035 | D:7      | Reached skill level 13 in Axes
  7090 | D:7      | Found a runed door.
  7094 | D:7      | Noticed Crazy Yiuf
  7099 | D:7      | Killed Crazy Yiuf
  7239 | D:8      | Found Jootor's Antique Armour Shop.
  7248 | D:8      | Bought a transparent chain mail for 285 gold pieces
  7258 | D:8      | Identified the +3 chain mail of Ujaextin {rF+} (You bought it in a shop on level 8 of the Dungeon)
  7273 | D:8      | Found Zoawk's Armour Boutique.
  7281 | D:8      | Bought a +0 helmet for 49 gold pieces
  7336 | D:8      | Found a stormy altar of Qazlal.
  7341 | D:8      | Noticed a two-headed ogre
  7349 | D:8      | Killed a two-headed ogre
  7410 | D:8      | Found Poqo's Magic Scroll Shoppe.
  7465 | D:8      | Found Dilolioch's Distillery.
  7468 | D:8      | Bought a potion of might for 52 gold pieces
  7468 | D:8      | Bought a potion of flight for 39 gold pieces
  7468 | D:8      | Bought a potion of degeneration for 13 gold pieces
  7468 | D:8      | Bought a potion of brilliance for 52 gold pieces
  7511 | D:8      | Reached skill level 14 in Axes
  7769 | D:9      | Found Vowkuot's Gadget Boutique.
  7787 | D:9      | Noticed a kobold demonologist
  7793 | D:9      | Noticed an ice devil
  7801 | D:9      | Killed a kobold demonologist
  7943 | D:9      | Found a staircase to the Lair.
  8367 | D:9      | Reached skill level 15 in Axes
  8377 | D:9      | Reached XP level 11. HP: 60/75 MP: 11/11
  8564 | D:9      | Noticed a two-headed ogre
  8583 | D:9      | Killed a two-headed ogre
  8588 | D:9      | Reached skill level 16 in Axes
  9081 | D:9      | Found a white marble altar of Elyvilon.
  9182 | D:10     | Entered Level 10 of the Dungeon
  9201 | D:10     | Noticed Psyche
  9212 | D:10     | Noticed a two-headed ogre
  9216 | D:10     | Killed Psyche
  9239 | D:10     | Killed a two-headed ogre
  9774 | Lair:1   | Entered Level 1 of the Lair of Beasts
  9814 | D:9      | HP: 3/117 [blink frog (7)]
 11038 | Lair:1   | Reached skill level 5 in Fighting
 11038 | Lair:1   | Reached XP level 12. HP: 8/86 MP: 12/12
 11804 | Lair:1   | Reached skill level 5 in Armour
 11804 | Lair:1   | Reached skill level 5 in Dodging
 11847 | Lair:1   | Noticed a six-headed hydra
 11872 | Lair:1   | HP: 6/129 [nine-headed hydra (1)]
 11872 | Lair:1   | HP: 2/129 [nine-headed hydra (4)]
 11872 | Lair:1   | Slain by a nine-headed hydra

Skill      XL: |  1  2  3  4  5  6  7  8  9 10 11 12 |
---------------+-------------------------------------+-----
Axes           | 4 5 6 7 9 11 12 15 16 | 16.0
Dodging        | 4 5 |  5.0
Fighting       | 5 |  5.5
Armour         | 4 5 |  5.0

Action                   |  1- 3 |  4- 6 |  7- 9 | 10-12 || total
-------------------------+-------+-------+-------+-------++-------
Melee: Hand axe          |   116 |   219 |   227 |       ||   562
       War axe           |       |       |    69 |   409 ||   478
Invok: Berserk           |       |     3 |     4 |    13 ||    20
       Trog's Hand       |       |       |     2 |     1 ||     3
Evoke: Wand              |       |       |     2 |     7 ||     9
  Use: Scroll            |       |       |    11 |       ||    11
       Potion            |       |       |       |     2 ||     2
  Eat: Chunk             |       |     4 |     5 |     9 ||    18
       Ration            |       |     1 |     4 |     5 ||    10
Armor: Ring mail         |    26 |       |       |       ||    26
       Animal skin       |     3 |       |       |       ||     3
       Chain mail        |    47 |   126 |    94 |   186 ||   453
Dodge: Dodged            |    78 |   141 |    93 |   156 ||   468
